 Dungeon Crawl Stone Soup version 0.23.2-1-ga50397a (webtiles) character file.

Game seed: 13980823448665835611

4690 cab the Geomancer (level 10, -4/60 HPs)
             Began as a Gargoyle Earth Elementalist on May 28, 2019.
             Was a Believer of Vehumet.
             Succumbed to barbed spike wounds
             ... on level 9 of the Dungeon.
             The game lasted 00:45:00 (10809 turns).

cab the Geomancer (Gargoyle Earth Elementalist)    Turns: 10809, Time: 00:45:00

Health: -4/60      AC: 11    Str: 12    XL:     10   Next: 44%
Magic:  22/26      EV: 11    Int: 19    God:    Vehumet [**....]
Gold:   463        SH:  7    Dex:  8    Spells: 9/18 levels left

rFire    + . .     SeeInvis +   G - +4 mace "Puapasept" {flame, rC+ rN+ Dex-2 SInv}
rCold    + + .     Gourm    .   F - +0 buckler
rNeg     + + .     Faith    .   u - +0 leather armour
rPois    ∞         Spirit   .   (no helmet)
rElec    +         Reflect  +   g - scarf {rC+ rF+}
rCorr    .         Harm     .   (no gloves)
MR       .....                  (no boots)
Stlth    +.........             A - +3 amulet of reflection
HPRegen  0.20/turn              k - ring of magical power
MPRegen  0.20/turn              s - ring of wizardry

@: barbed spikes
A: negative energy resistance 1, electricity resistance, unbreathing,
petrification resistance, rot immunity, AC +7
a: Renounce Religion


You were on level 9 of the Dungeon.
You worshipped Vehumet.
Vehumet was pleased with you.
You were hungry.

You visited 1 branch of the dungeon, and saw 9 of its levels.

You collected 463 gold pieces.

Inventory:

Hand Weapons
 a - a +1 short sword of draining
 o - a +4 quarterstaff of chaos
 w - a +0 flail
 G - the +4 mace "Puapasept" (weapon) {flame, rC+ rN+ Dex-2 SInv}
   (You found it on level 7 of the Dungeon)

   It has been specially enchanted to burn those struck by it, causing extra
   injury to most foes and up to half again as much damage against particularly
   susceptible opponents.
   It affects your dexterity (-2).
   It protects you from cold.
   It protects you from negative energy.
   It lets you see invisible.
 K - a +0 morningstar
Missiles
 b - 108 stones (quivered)
Armour
 c - a +0 robe
 g - a scarf of resistance (worn)
 u - a +0 leather armour (worn)
 F - a +0 buckler (worn)
Magical Staves
 J - an uncursed staff of conjuration
Jewellery
 k - a ring of magical power (left hand)
 s - a ring of wizardry (right hand)
 A - a +3 amulet of reflection (around neck)
Wands
 v - a wand of digging (12)
 z - a wand of flame (12)
Scrolls
 e - 6 scrolls of teleportation
 f - a scroll of identify
 h - 2 scrolls of remove curse
 j - 3 scrolls of magic mapping
 m - a scroll of fear
 p - a scroll of blinking
 q - 2 scrolls of fog
 x - 2 scrolls of enchant armour {unknown}
 y - a scroll of immolation {unknown}
 C - 2 scrolls of enchant weapon {unknown}
 D - 3 scrolls of noise {unknown}
 H - a scroll of amnesia {unknown}
Potions
 i - 4 potions of mutation
 l - a potion of flight
 n - a potion of lignification
 r - a potion of brilliance
 t - a potion of degeneration {unknown}
 B - a potion of haste {unknown}
 I - a potion of curing
Comestibles
 d - 13 rations
 E - 3 chunks of flesh


   Skills:
 - Level 6.0 Fighting
 - Level 1.9 Short Blades
 - Level 6.0 Armour
 - Level 1.5 Dodging
 - Level 2.1 Stealth
 - Level 4.0 Shields
 + Level 4.8 Spellcasting
 + Level 6.3 Conjurations
   Level 0.7 Transmutations
 - Level 11.2 Earth Magic


You had 9 spell levels left.
You knew the following spells:

 Your Spells              Type           Power        Failure   Level  Hunger
a - Sandblast             Erth           #####.       1%          1    None
b - Stone Arrow           Conj/Erth      #####.       1%          3    ##.....
c - Lee's Rapid Deconstr  Erth           #####.....   1%          5    ######.

Your spell library contained the following spells:

 Spells                   Type           Power        Failure   Level  Hunger
 Searing Ray              Conj           ####..       1%          2    #......
 Shock                    Conj/Air       ###.         1%          1    None
 Passwall                 Tmut/Erth      ####....     1%          2    #......
 Conjure Flame            Conj/Fire      ###.....     5%          3    ##.....
 Static Discharge         Conj/Air       ###.....     5%          3    ##.....
 Petrify                  Tmut/Erth      ####....     5%          4    ####...
 Animate Skeleton         Necr           N/A          6%          1    None
 Apportation              Tloc           #.....       6%          1    None
 Confusing Touch          Hex            #.....       6%          1    None
 Summon Small Mammal      Summ           #...         6%          1    None
 Mephitic Cloud           Conj/Pois/Air  ##......     8%          3    ##.....
 Poisonous Vapours        Pois/Air       #.....       10%         2    #......
 Swiftness                Chrm/Air       #.......     10%         2    #......
 Lightning Bolt           Conj/Air       ###.......   41%         5    ######.
 Airstrike                Air            #.........   50%         4    ####...
 Cause Fear               Hex            #.........   50%         4    ####...
 Yara's Violent Unravell  Hex/Tmut       #.........   80%         5    ######.
 Silence                  Hex/Air        #.........   83%         5    ######.
 Freezing Cloud           Conj/Ice/Air   ##........   98%         6    #######
 Deflect Missiles         Chrm/Air       #.........   100%        6    #######
 Ring of Flames           Chrm/Fire      #.........   100%        7    #######
 Discord                  Hex            #.........   100%        8    #######


Dungeon Overview and Level Annotations

Branches:
Dungeon (9/15)             Temple (0/1) D:4
   Lair: D:8-11         Orc: D:9-12

Altars:
Fedhas
Makhleb
Okawaru
Qazlal
Ru
Sif Muna
Uskayaw
Vehumet
Yredelemnul
Zin
The Shining One

Shops:
D:5 *   D:7 *


Innate Abilities, Weirdness & Mutations

You are resistant to torment.
Your stone body is resilient. (AC +7)
You are immune to poison.
You resist negative energy. (rN+)
You are resistant to electric shocks. (rElec)
You can survive without breathing.
You are immune to petrification.
You are immune to rotting.


Message History

[Y]es or [N]o only, please.
The barbs in your skin will harm you if you move.
Continue?
The barbed spikes dig painfully into your body as you move.
The barbed spikes dig painfully into your body as you move.
A basilisk comes into view.
The barbed spikes dig painfully into your body as you move.
The barbed spikes dig painfully into your body as you move.
* * * LOW HITPOINT WARNING * * *
You are feeling hungry.
The barbed spikes dig painfully into your body as you move.
* * * LOW HITPOINT WARNING * * *
The barbed spikes dig painfully into your body as you move.
* * * LOW HITPOINT WARNING * * *
The manticore flicks its tail.
The volley of spikes hits you.
The barbed spikes become lodged in your body.
* * * LOW HITPOINT WARNING * * *
A bullfrog comes into view.
The barbed spikes dig painfully into your body as you move.
You die...

,,,,,,,,,,,,.......÷## ###
,,,,,,,,,...........## #####..
,,,,,,,,,............### #......
,,,,,,,,,..............#**#######
,,,,,,,,,......>.......#,,,***
,,,,,,,,,..............#,,*,.####
*,,,,,,,,..............####..#...
,,,,,,,,,.............l#...#*####
**,,,,,,,.......@.....Hc..c#,,,*#
*,,,,,,,..####........#F..#**,,*
**,,,*,,,*** ##.......####..#,,,
*,,******* ##......#,,*,.#,,,
*,** *#.......#,,,***,,, *,*
******#..####..#****,,,,, *,**
**,,,,...#* ##.(.,,,,,,,,
**,*****,,**####* ##...,,,,,,,
*,,,,,,,** *** **...,,,,,,,


You could see a manticore, a basilisk and a centaur.

Vanquished Creatures
  A gargoyle (D:9)
  2 hippogriffs
  Sigmund (D:2)
  Eustachio (D:5)
  A vampire (D:9)
  3 water moccasins (D:5)
  2 ice beasts
  4 sky beasts
  3 ogres
  3 phantoms
  A necrophage (D:8)
  3 centaurs
  Blork the orc (D:4)
  A wyvern skeleton (D:9)
  2 scorpions
  6 killer bees (D:8)
  5 howler monkeys
  2 crimson imps (D:5)
  A centaur zombie (D:9)
  6 hounds
  Crazy Yiuf (D:2)
  A bullfrog skeleton (D:4)
  5 orc priests
  2 centaur skeletons
  3 iguanas (D:5)
  Natasha (thrice) (D:3)
  An orc wizard (D:5)
  6 worker ants
  A hound zombie (D:5)
  Robin (D:3)
  2 howler monkey skeletons (D:9)
  7 gnolls
  8 adders
  3 shadow imps
  2 oozes
  An adder zombie (D:6)
  2 worms
  2 dart slugs
  3 leopard geckos
  24 orcs
  5 giant cockroaches
  14 goblins
  2 hobgoblins
  5 jackals
  3 quokkas
  2 ball pythons
  4 bats
  3 frilled lizards
  A jackal zombie (D:7)
  12 kobolds
  A quokka skeleton (D:5)
  14 rats
193 creatures vanquished.

Notes
Turn   | Place    | Note
-------+----------+-------------------------------------------
     0 | D:1      | cab the Gargoyle Earth Elementalist began the quest for the
                  | Orb.
     0 | D:1      | Reached XP level 1. HP: 10/10 MP: 3/3
    13 | D:1      | Reached skill level 4 in Earth Magic
    36 | D:1      | Reached XP level 2. HP: 7/15 MP: 5/5
   772 | D:1      | Reached XP level 3. HP: 19/19 MP: 6/6
   790 | D:1      | Learned a level 3 spell: Stone Arrow
  1128 | D:2      | Noticed Sigmund
  1134 | D:2      | Killed Sigmund
  1134 | D:2      | Reached skill level 1 in Fighting
  1134 | D:2      | Reached skill level 1 in Short Blades
  1134 | D:2      | Reached skill level 5 in Earth Magic
  1134 | D:2      | Reached XP level 4. HP: 25/25 MP: 2/7
  1134 | D:2      | Reached XP level 5. HP: 29/29 MP: 2/8
  1229 | D:2      | Found a hide-covered altar of Uskayaw.
  1239 | D:2      | Reached skill level 6 in Earth Magic
  1907 | D:2      | Found a runed translucent door.
  1908 | D:2      | Noticed Crazy Yiuf
  1984 | D:2      | Reached XP level 6. HP: 30/34 MP: 9/9
  2281 | D:2      | Killed Crazy Yiuf
  3074 | D:3      | Noticed Robin
  3154 | D:3      | Killed Robin
  3229 | D:3      | Noticed Natasha
  3239 | D:3      | Killed Natasha
  3332 | D:3      | Noticed Natasha
  3338 | D:3      | Killed Natasha
  3338 | D:3      | Reached skill level 1 in Armour
  3338 | D:3      | Reached skill level 7 in Earth Magic
  3338 | D:3      | Reached XP level 7. HP: 26/39 MP: 10/10
  3434 | D:3      | Found a glowing silver altar of Zin.
  4092 | D:3      | Noticed Natasha
  4096 | D:3      | Killed Natasha
  4420 | D:3      | Found a radiant altar of Vehumet.
  4424 | D:3      | Became a worshipper of Vehumet
  4584 | D:5      | Entered Level 5 of the Dungeon
  5245 | D:4      | Noticed Blork the orc
  5250 | D:4      | Killed Blork the orc
  5460 | D:4      | Found a staircase to the Ecumenical Temple.
  5861 | D:4      | Found a glowing golden altar of the Shining One.
  5920 | D:5      | Reached skill level 8 in Earth Magic
  5920 | D:5      | Reached XP level 8. HP: 44/44 MP: 12/12
  6180 | D:5      | Found a blossoming altar of Fedhas.
  6308 | D:5      | Noticed Eustachio
  6317 | D:5      | Killed Eustachio
  6321 | D:5      | Reached skill level 5 in Armour
  6321 | D:5      | Reached skill level 9 in Earth Magic
  6452 | D:5      | Reached * piety under Vehumet
  6452 | D:5      | Offered knowledge of Freeze by Vehumet.
  6741 | D:5      | Reached XP level 9. HP: 48/48 MP: 12/13
  6802 | D:5      | Learned a level 5 spell: Lee's Rapid Deconstruction
  6968 | D:5      | Found a deep blue altar of Sif Muna.
  7091 | D:5      | Found an iron altar of Okawaru.
  7118 | D:5      | Found Textiski's Serpentskin Sales.
  7122 | D:5      | Reached skill level 10 in Earth Magic
  7910 | D:7      | Found Oschuejea's Assorted Antiques.
  7942 | D:6      | Reached skill level 1 in Shields
  8233 | D:7      | Found a stormy altar of Qazlal.
  8353 | D:7      | Reached skill level 5 in Fighting
  8495 | D:7      | Got an ichor-stained mace
  8496 | D:7      | Identified the +4 mace "Puapasept" {flame, rC+ rN+ Dex-2
                  | SInv} (You found it on level 7 of the Dungeon)
  8524 | D:7      | Found a sacrificial altar of Ru.
  8797 | D:8      | Reached skill level 11 in Earth Magic
  8852 | D:8      | Offered knowledge of Searing Ray by Vehumet.
  8956 | D:8      | Found a burning altar of Makhleb.
  8975 | D:8      | Reached XP level 10. HP: 53/60 MP: 14/14
  9196 | D:8      | Reached ** piety under Vehumet
  9666 | D:8      | Found a basalt altar of Yredelemnul.
 10047 | D:8      | Reached skill level 5 in Conjurations
 10674 | D:9      | Noticed a gargoyle
 10686 | D:9      | Killed a gargoyle
 10800 | D:9      | Noticed a manticore
 10808 | D:9      | HP: 3/60 [manticore/volley of spikes (5)]
 10809 | D:9      | Succumbed to barbed spike wounds

Skill      XL: |  1  2  3  4  5  6  7  8  9 10 |
---------------+-------------------------------+-----
Earth Magic    | 4 5 6 7 8 9 11 | 11.2
Fighting       | 1 5 6 |  6.0
Short Blades   | 1 |  1.9
Conjurations   | 2 3 4 6 |  6.3
Armour         | 1 3 6 |  6.0
Spellcasting   | 3 4 |  4.8
Shields        | 3 4 |  4.0
Dodging        | |  1.5
Stealth        | |  2.1
Transmutations | |  0.7

Action                   |  1- 3 |  4- 6 |  7- 9 | 10-12 || total
-------------------------+-------+-------+-------+-------++-------
Melee: Short sword       |    46 |    84 |    99 |       ||   229
       Mace              |       |       |    18 |    41 ||    59
 Cast: Sandblast         |     7 |    31 |    93 |    22 ||   153
       Stone Arrow       |       |    14 |    36 |    19 ||    69
       Lee's Rapid Decon |       |       |     4 |     2 ||     6
  Use: Scroll            |     1 |       |       |    10 ||    11
 Stab: Sleeping          |     2 |     2 |     3 |       ||     7
  Eat: Chunk             |       |    10 |    18 |     5 ||    33
       Ration            |       |       |     1 |     1 ||     2
Armor: Robe              |    13 |    19 |       |       ||    32
       Leather armour    |       |    24 |    81 |    22 ||   127
Dodge: Dodged            |    27 |    57 |   103 |    34 ||   221
Block: Other             |       |       |     6 |     2 ||     8
       Buckler           |       |       |       |    11 ||    11
       Reflection        |       |       |       |     1 ||     1
